 Dungeon Crawl Stone Soup version 0.22.1-6-g1668fe2 (webtiles) character file.

134 Fliddo the Chiller (level 5, -9/42 HPs)
             Began as a Naga Ice Elementalist on Jan 21, 2019.
             Killed by divine providence
             ... invoked by an orc priest
              (13 damage)
             ... on level 3 of the Dungeon.
             The game lasted 00:27:00 (2892 turns).

Fliddo the Chiller (Naga Ice Elementalist)          Turns: 2892, Time: 00:27:01

Health: -9/42      AC:  7    Str: 11    XL:     5   Next: 17%
Magic:  3/9        EV: 13    Int: 16    God:
Gold:   69         SH:  0    Dex: 11    Spells: 7/10 levels left

rFire    . . .     SeeInvis +   g - +1 dagger
rCold    . . .     Gourm    .   (no shield)
rNeg     . . .     Faith    .   e - +0 ring mail
rPois    +         Spirit   .   k - +0 helmet
rElec    .         Reflect  .   f - +0 cloak
rCorr    .         Harm     .   n - +0 pair of gloves
MR       .....                  (no barding)
Stlth    +.........             (no amulet)
HPRegen  0.14/turn              b - +5 ring of evasion
MPRegen  0.11/turn              (no ring)

@: very slow
A: large, see invisible, deformed body, poison resistance, slowness 2, slow
metabolism 1, spit poison 1, AC +1
a: Spit Poison


You were on level 3 of the Dungeon.
You were not hungry.

You visited 1 branch of the dungeon, and saw 3 of its levels.

You collected 69 gold pieces.

Inventory:

Hand Weapons
 g - a +1 dagger (weapon)
Armour
 e - a +0 ring mail (worn)
 f - a +0 cloak (worn)
 k - a +0 helmet (worn)
 n - a +0 pair of gloves (worn)
Jewellery
 b - a +5 ring of evasion (left hand)
Scrolls
 l - a scroll of teleportation {unknown}
 m - a scroll of enchant armour {unknown}
Potions
 a - a potion of mutation {unknown}
 h - a potion of might {unknown}
 i - a potion of haste {unknown}
 j - a potion of heal wounds {unknown}
 o - a potion of lignification {unknown}
 p - a potion of ambrosia {unknown}
Comestibles
 c - 2 rations
 d - 4 chunks of flesh


   Skills:
 - Level 0.2 Armour
 - Level 1.5 Dodging
 - Level 3.0 Stealth
 + Level 3.2 Spellcasting
 + Level 2.3 Conjurations
 + Level 4.2 Ice Magic


You had 7 spell levels left.
You knew the following spells:

 Your Spells              Type           Power        Failure   Level  Hunger
a - Freeze                Ice            ###.         8%          1    None
b - Throw Frost           Conj/Ice       ##....       17%         2    ##.....

Your spell library contained the following spells:

 Spells                   Type           Power        Failure   Level  Hunger
 Ozocubu's Armour         Chrm/Ice       #.......     50%         3    ###....
 Throw Icicle             Conj/Ice       ##......     75%         4    ####...
 Summon Ice Beast         Ice/Summ       #.......     88%         4    ####...


Dungeon Overview and Level Annotations

Branches:
Dungeon (3/15)

Altars:
Xom


Innate Abilities, Weirdness & Mutations

You cannot wear boots.
Your serpentine skin is tough. (AC +1)
You have supernaturally acute eyesight. (SInv)
Armour fits poorly on your strangely shaped body.
Your system is resistant to poisons. (rPois)
You cover ground very slowly.
You have a slow metabolism.
You can spit poison.


Message History

Beogh smites you!
* * * LOW HITPOINT WARNING * * *
The kobold throws a stone.
The stone hits you but does no damage.
An orc comes into view. It is wielding a hand axe.
The kobold throws a stone.
The stone hits you but does no damage.
You see here 2 stones.
The kobold throws a stone.
The stone hits you but does no damage.
You see here a stone.
The orc priest looks braver for a moment.
The orc priest sings a few bars from the Orcish anthem.
The orc misses you.
The orc priest mumbles some strange prayers to Beogh against you.
Beogh smites you!
* * * LOW HITPOINT WARNING * * *
You hear a shout!
There is a stone staircase leading up here.
The orc closely misses you.
The orc priest calls down the wrath of Beogh upon you.
Beogh smites you!
You die...

# ###.#.#########.#### ......
#.###.#)# #.# #....## #.......#
#.## ##.....# ####...## #..#
#....... ##.....## ####.####
#....... ##.......## ##.......#
#(......
#.........####........#####.....#
+.....รท...').......K..og(..g(....
#.........####..@o.o..#####....##
##.......## ##.......# #.#.##
##.....## #.......# #.#.# ##...##
#.......# #.#.. ##+## ####.####
#.###K #.# #.# .# #.# #.# # #.#
#.#


You could see an orc priest, 2 orcs, a goblin and a kobold.

Vanquished Creatures
  A hound (D:2)
  Terence (D:1)
  2 adders (D:2)
  3 oozes
  2 worms (D:2)
  2 dart slugs
  A leopard gecko (D:2)
  3 orcs
  2 giant cockroaches (D:2)
  A hobgoblin (D:1)
  A jackal (D:3)
  A ball python (D:2)
  6 bats
  7 frilled lizards
  5 kobolds
  7 rats
45 creatures vanquished.

Notes
Turn   | Place    | Note
-------+----------+-------------------------------------------
     0 | D:1      | Fliddo the Naga Ice Elementalist began the quest for the
                  | Orb.
     0 | D:1      | Reached XP level 1. HP: 15/15 MP: 3/3
   102 | D:1      | Reached XP level 2. HP: 10/22 MP: 0/5
   672 | D:1      | Found a shimmering altar of Xom.
   933 | D:1      | Learned a level 2 spell: Throw Frost
   985 | D:2      | Noticed Terence
  1022 | D:2      | Reached XP level 3. HP: 23/28 MP: 0/6
  1244 | D:1      | Killed Terence
  1244 | D:1      | Reached XP level 4. HP: 4/36 MP: 0/8
  1895 | D:2      | Reached skill level 4 in Ice Magic
  2401 | D:2      | Reached XP level 5. HP: 40/42 MP: 2/9
  2892 | D:3      | Killed from afar by an orc priest

Skill      XL: |  1  2  3  4 |
---------------+-------------+-----
Spellcasting   | 3 |  3.2
Conjurations   | 2 |  2.3
Ice Magic      | 4 |  4.2
Armour         | |  0.2
Dodging        | |  1.5
Stealth        | |  3.0

Action                   |  1- 3 |  4- 6 || total
-------------------------+-------+-------++-------
Melee: Unarmed           |     2 |       ||     2
       Dagger            |     3 |    40 ||    43
 Cast: Freeze            |    30 |    26 ||    56
       Throw Frost       |     6 |    25 ||    31
  Use: Scroll            |     5 |       ||     5
       Potion            |       |     2 ||     2
 Stab: Sleeping          |     1 |       ||     1
  Eat: Chunk             |     1 |     4 ||     5
       Ration            |       |     1 ||     1
Armor: Ring mail         |     6 |    26 ||    32
Dodge: Dodged            |    23 |    82 ||   105
